 Dungeon Crawl Stone Soup version 0.23-a0-444-g76343ca (webtiles) character file.

42 EazyBreezy the Chopper (level 3, -6/30 HPs)
             Began as a Hill Orc Gladiator on Nov 17, 2018.
             Mangled by Sigmund
             ... wielding a +0 scythe
              (7 damage)
             ... on level 2 of the Dungeon.
             The game lasted 00:02:34 (1126 turns).

EazyBreezy the Chopper (Hill Orc Gladiator)         Turns: 1126, Time: 00:02:35

Health: -6/30      AC: 11    Str: 21    XL:     3   Next: 56%
Magic:  3/3        EV:  7    Int: 13    God:
Gold:   48         SH:  0    Dex: 13    Spells: 2/2 levels left

rFire    . . .     SeeInvis .   a - +0 war axe
rCold    . . .     Gourm    .   (no shield)
rNeg     + . .     Faith    .   g - +0 plate armour
rPois    .         Spirit   .   c - +0 helmet
rElec    .         Reflect  .   (no cloak)
rCorr    +         Harm     .   (no gloves)
MR       .....                  (no boots)
Stlth    ..........             (no amulet)
HPRegen  0.10/turn              e - ring of resist corrosion
MPRegen  0.08/turn              h - ring of positive energy

@: mighty, brilliant, flying
A: no striking features
a: no special abilities


You were on level 2 of the Dungeon.
You were not hungry.

You visited 1 branch of the dungeon, and saw 2 of its levels.

You collected 48 gold pieces.

Inventory:

Hand Weapons
 a - a +0 war axe (weapon)
Missiles
 d - 3 throwing nets (quivered)
Armour
 b - a +0 leather armour
 c - a +0 helmet (worn)
 g - a +0 plate armour (worn)
Jewellery
 e - a ring of resist corrosion (left hand)
 h - a ring of positive energy (right hand)
Scrolls
 j - 2 scrolls of amnesia {unknown}
 k - a scroll of teleportation {unknown}
 l - 2 scrolls of identify {unknown}
 m - a scroll of remove curse {unknown}
 o - 2 scrolls of magic mapping {unknown}
 r - a scroll of blinking {unknown}
Comestibles
 f - a ration


   Skills:
 * Level 2.9 Fighting
 * Level 5.0 Axes
 - Level 1.7 Throwing
 * Level 0.8 Armour
 * Level 2.8 Dodging


You had 2 spell levels left.
You didn't know any spells.
Your spell library was empty.

Dungeon Overview and Level Annotations

Branches:
Dungeon (2/15)

Altars:
Xom

Annotations:
D:2 Sigmund


Message History

Sigmund hits you but does no damage.
It was a potion of brilliance.
You feel clever all of a sudden.
You hit Sigmund.
Sigmund is severely wounded.
Sigmund hits you with a +0 scythe.
* * * LOW HITPOINT WARNING * * *
Your plate armour prevents you from hitting Sigmund.
Sigmund is severely wounded.
Sigmund hits you with a +0 scythe!
* * * LOW HITPOINT WARNING * * *
It was a potion of magic.
Magic courses through your body. Sigmund hits you but does no damage.
It was a potion of flight.
You feel very buoyant.
You fly up into the air.
It was a potion of might.
You feel very mighty all of a sudden. Sigmund hits you with a +0 scythe!
You die...

########### #.........
#........# #........# .#
#......@.# .#
#....?.@.###.##.
'...............
#........#...##
########.#.###
#################.#.#####
........................#
####.....########.#.###.#
..†...............#)###.##+#
####.....#########.........#


You could see Sigmund.

Vanquished Creatures
  An ooze (D:2)
  2 leopard geckos (D:1)
  8 bats
  7 goblins
  3 hobgoblins
  2 jackals (D:2)
  2 kobolds
  A quokka (D:2)
  A ball python (D:2)
  2 frilled lizards (D:1)
  4 rats (D:1)
33 creatures vanquished.

Notes
Turn   | Place    | Note
-------+----------+-------------------------------------------
     0 | D:1      | EazyBreezy the Hill Orc Gladiator began the quest for the
                  | Orb.
     0 | D:1      | Reached XP level 1. HP: 18/18 MP: 1/1
   173 | D:1      | Reached XP level 2. HP: 24/25 MP: 2/2
   777 | D:1      | Reached XP level 3. HP: 28/30 MP: 3/3
   933 | D:2      | Found a shimmering altar of Xom.
   934 | D:2      | Found a shimmering altar of Xom.
   934 | D:2      | Found a shimmering altar of Xom.
   935 | D:2      | Found a shimmering altar of Xom.
  1073 | D:2      | Reached skill level 5 in Axes
  1109 | D:2      | Noticed Sigmund
  1123 | D:2      | HP: 1/30 [Sigmund/+0 scythe (7)]
  1126 | D:2      | Mangled by Sigmund

Vault maps used:
D:1:      matt_arrival_los_fun, minmay_stone_trees_small
D:2:      minivault_24, xom_redecorated, uniq_sigmund

Skill      XL: |  1  2  3 |
---------------+----------+-----
Axes           | 5 |  5.0
Fighting       | |  2.9
Throwing       | |  1.7
Armour         | |  0.8
Dodging        | |  2.8

Action                   || total
-------------------------++-------
Melee: War axe           ||   102
  Use: Potion            ||     4
  Eat: Ration            ||     1
Armor: Plate armour      ||   121
Dodge: Dodged            ||    42

Table legend:
 A = Non-vault XP
 B = Vault XP
 C = Vault XP percentage of total XP
 D = Non-vault monster count
 E = Vault monster count
 F = Vault count percentage of total count
                 A         B        C        D         E       F
            +---------+---------+-------+---------+---------+-------
      Total |      61 |       0 |   0.0 |      33 |       0 |   0.0
            +---------+---------+-------+---------+---------+-------
        D:1 |      35 |       0 |   0.0 |      21 |       0 |   0.0
        D:2 |      26 |       0 |   0.0 |      12 |       0 |   0.0
            +---------+---------+-------+---------+---------+-------
